 Dungeon Crawl Stone Soup version 0.31.0-12-g77e489cdc1 (webtiles) character file.

Game seed: 16815238579685186181

44 Balder the Slasher (level 3, -4/30 HPs)
             Began as a Minotaur Gladiator on Feb 23, 2024.
             Killed from afar by Ijyb (12 damage)
             ... with a bolt of dispelling energy
             ... on level 3 of the Dungeon.
             The game lasted 00:05:56 (1127 turns).

Balder the Slasher (Minotaur Gladiator)             Turns: 1127, Time: 00:05:57

Health: -4/30      AC: 10    Str: 18    XL:     3   Next: 41%
Magic:  2/2        EV:  6    Int:  5    God:
Gold:   206        SH:  0    Dex: 13    Spells: 2/2 levels left

rFire   . . .        a - +0 long sword
rCold   . . .        (no shield)
rNeg    . . .        h - +0 plate armour
rPois   .            c - +0 hat
rElec   .            (no cloak)
rCorr   .            (no gloves)
SInv    .            (no boots)
Will    .....        (no amulet) Stlth
                     (no ring)
HPRegen 0.25/turn    (no ring)
MPRegen 0.08/turn

%: no passive effects
@: no status effects
A: horns 2, retaliatory headbutt
a: no special abilities


You were on level 3 of the Dungeon.
You visited 1 branch of the dungeon, and saw 3 of its levels.

You collected 206 gold pieces.

Inventory:

Hand Weapons
 a - a +0 long sword (weapon)
Missiles
 d - 3 throwing nets (quivered)
 e - a javelin
 f - 9 poisoned darts
Armour
 c - a +0 hat (worn)
 h - a +0 plate armour (worn)
Scrolls
 b - 3 scrolls of vulnerability {unknown}
 g - a scroll of teleportation {unknown}
 i - a scroll of blinking {unknown}
 j - a scroll of summoning {unknown}
 k - 3 scrolls of silence {unknown}
 l - 2 scrolls of fog {unknown}
 o - a scroll of amnesia {unknown}
Potions
 m - 2 potions of degeneration {unknown}
 n - a potion of enlightenment {unknown}


   Skills:
 * Level 2.5 Fighting
 * Level 0.6(2.6) Short Blades
 * Level 4.6 Long Blades
 * Level 2.2 Throwing
 * Level 0.8 Armour
 * Level 3.5 Dodging
 * Level 0.4 Stealth


You had 2 spell levels left.
You didn't know any spells.
Your spell library was empty.

Dungeon Overview and Level Annotations

Branches:
Dungeon (3/15)

Altars:

Annotations:
D:3 Ijyb


Innate Abilities, Weirdness & Mutations

You have a pair of horns on your head.
You reflexively headbutt those who attack you in melee.


Message History

Found a mace and 14 gold pieces.
There is a stone staircase leading up here.
You now have 206 gold pieces (gained 14).
A ball python comes into view.
You hit the ball python.
You kill the ball python!
You see here a ball python corpse.
Found 7 stones.
Found 2 stones.
A giant cockroach comes into view.
You hit the giant cockroach.
The giant cockroach is moderately wounded.
The giant cockroach bites you but does no damage. x2
You hit the giant cockroach but do no damage.
The giant cockroach barely misses you. You furiously retaliate!
You headbutt the giant cockroach. You barely miss the giant cockroach.
The giant cockroach is heavily wounded.
The giant cockroach bites you but does no damage.
The giant cockroach closely misses you. You furiously retaliate!
You headbutt the giant cockroach!
You kill the giant cockroach!
Ijyb the Twisted Goblin comes into view.
She is wielding a +4 club and carrying a wand of quicksilver.
You closely miss Ijyb. Your headbutt misses Ijyb.
Ijyb hits you but does no damage.
You hit Ijyb but do no damage. Ijyb hits you with a +4 club.
Ijyb hits you but does no damage.
You barely miss Ijyb. Ijyb hits you with a +4 club.
You closely miss Ijyb. Ijyb barely misses you.
You completely miss Ijyb. Your headbutt misses Ijyb. Ijyb barely misses you.
You barely miss Ijyb. Ijyb closely misses you.
You hit Ijyb.
Ijyb is lightly wounded.
Ijyb zaps a wand.
The bolt of dispelling energy hits you!
Ouch! That really hurt!
* * * LOW HITPOINT WARNING * * *
You completely miss Ijyb.
Ijyb is lightly wounded.
Ijyb zaps a wand.
The bolt of dispelling energy hits you!
You die...

##.#...###..## ##.
#.##.......#
#.##.#####.# #<# # #.#
#)# #.# #.# ##.#######g.
...#.####..........#
...#.........#####.##.#
###.....(...#...@g......
######...#######.##.#
#...# #...# #...# #....
#.#.#


You could see Ijyb.

Vanquished Creatures
  A dart slug (D:1)
  5 endoplasms
  2 giant cockroaches
  3 goblins (D:2)
  7 hobgoblins
  3 kobolds
  2 quokkas (D:1)
  4 ball pythons
  3 bats
  2 frilled lizards (D:2)
  5 rats
37 creatures vanquished.

Notes
Turn   | Place    | Note
-------+----------+-------------------------------------------
     0 | D:1      | Balder the Minotaur Gladiator began the quest for the Orb.
     0 | D:1      | Reached XP level 1. HP: 18/18 MP: 0/0
   139 | D:1      | Reached XP level 2. HP: 21/25 MP: 1/1
   192 | D:1      | Reached skill level 4 in Long Blades
   689 | D:2      | Reached XP level 3. HP: 30/30 MP: 2/2
  1115 | D:3      | Noticed Ijyb
  1127 | D:3      | Killed from afar by Ijyb

Illustrated notes

Levels and vault maps discovered:
D:1:      nicolae_arrival_washed_ashore, layout_rooms, minmay_pentomino_r2
D:2:      layout_basic
D:3:      layout_loops_ring, serial_shops, nicolae_shop_tiny_glass, st_stairs_9,
          hex_large, minmay_liquid_box, minmay_misc_feat_plants,
          minmay_gold_behind_fungi, uniq_grinder, uniq_robin, uniq_ijyb

Skill      XL: |  1  2 |
---------------+-------+-----
Long Blades    | 4 |  4.6
Fighting       | |  2.5
Short Blades   | |  0.6
Throwing       | |  2.2
Armour         | |  0.8
Dodging        | |  3.5
Stealth        | |  0.4

Action                     || total
---------------------------++-------
  Melee: Long sword        ||    81
         Headbutt          ||    11
         Punch             ||     2
 Armour: Leather armour    ||     7
         Plate armour      ||    57
  Dodge: Dodged            ||    30
